 Dungeon Crawl Stone Soup version 0.30.0-18-gc0e69614cb (webtiles) character file.

Game seed: 10314376184235027270

4310 Heoruswealwe the Thaumaturge (level 10, -6/50 HPs)
             Began as a Deep Elf Earth Elementalist on May 23, 2023.
             Was an Initiate of Vehumet.
             Mangled by an ice beast (12 damage)
             ... on level 8 of the Dungeon.
             The game lasted 02:25:48 (7651 turns).

Heoruswealwe the Thaumaturge (DEEE)                 Turns: 7651, Time: 02:25:56

Health: -6/50      AC:  7    Str: 11    XL:     10   Next: 11%
Magic:  26/29      EV: 12    Int: 25    God:    Vehumet [......]
Gold:   8          SH:  0    Dex: 15    Spells: 26/36 levels left

rFire   . . .        b - +5 falchion (drain)
rCold   . . .        (no shield)
rNeg    . . .        c - +0 steam dragon scales
rPois   .            g - +0 helmet
rElec   .            (no cloak)
rCorr   .            f - +0 pair of gloves
SInv    .            (no boots)
Will    +....        (no amulet)
Stlth   ++           k - +6 ring of strength
HPRegen 0.28/turn    (no ring)
MPRegen 0.21/turn

%: no passive effects
@: no status effects
A: no striking features
a: Renounce Religion


You were on level 8 of the Dungeon.
You worshipped Vehumet.
Vehumet was noncommittal.
You visited 2 branches of the dungeon, and saw 9 of its levels.

You collected 389 gold pieces.
You spent 381 gold pieces at shops.

Inventory:

Hand Weapons
 b - a +5 falchion of draining (weapon)
 t - a +2 heavy hand axe
 w - a +0 arbalest of freezing
 x - a +3 scimitar of flaming
Armour
 c - +0 steam dragon scales (worn)
 f - a +0 pair of gloves (worn)
 g - a +0 helmet (worn)
Jewellery
 k - a +6 ring of strength (left hand)
Wands
 d - a wand of flame (27)
 j - a wand of iceblast (8)
 l - a wand of polymorph (4)
Scrolls
 a - 2 scrolls of fog
 i - a scroll of enchant weapon
 o - a scroll of summoning
 u - a scroll of fear
 A - 4 scrolls of teleportation
 C - a scroll of enchant armour
Potions
 e - a potion of curing
 h - a potion of might {unknown}
 m - 2 potions of magic
 n - 2 potions of flight {unknown}
 p - a potion of lignification {unknown}
 q - a potion of cancellation
 s - 2 potions of attraction {unknown}
 v - a potion of mutation
 y - 2 potions of brilliance
 D - a potion of heal wounds {unknown}


   Skills:
 - Level 2.4 Dodging
 - Level 2.4 Stealth
 + Level 13.7 Spellcasting
 - Level 1.1 Transmutations
 + Level 11.8 Earth Magic


You had 26 spell levels left.
You knew the following spells:

 Your Spells              Type           Power      Damage    Failure   Level
a - Sandblast             Erth           100%       2d20      1%          1
b - Stone Arrow           Conj/Erth      92%        3d12      1%          3
c - Petrify               Tmut/Erth      49%        N/A       2%          4
z - Passwall              Tmut/Erth      40%        N/A       1%          2

Your spell library contained the following spells:

 Spells                   Type           Power      Damage    Failure   Level
 Necrotise                Necr           68%        1d7       3%          1
 Blink                    Tloc           34%        N/A       4%          2
 Ensorcelled Hibernation  Hex/Ice        34%        N/A       4%          2
 Lesser Beckoning         Tloc           34%        N/A       4%          2
 Momentum Strike          Conj/Tloc      34%        3d8       4%          2
 Sublimation of Blood     Necr           17%        N/A       4%          2
 Spider Form              Tmut/Pois      19%        N/A       9%          3
 Gell's Gravitas          Tloc           17%        N/A       10%         3
 Swiftness                Air            17%        N/A       10%         3
 Teleport Other           Tloc           17%        N/A       10%         3
 Vampiric Draining        Necr           17%        2d7       10%         3
 Anguish                  Hex/Necr       8%         N/A       32%         4
 Irradiate                Conj/Tmut      9%         3d14      58%         5
 Agony                    Necr           17%        N/A       67%         5


Dungeon Overview and Level Annotations

Branches:
Dungeon (8/15)             Temple (1/1) D:4
   Lair: D:8-11

Altars:
Ashenzari
Cheibriados
Dithmenos
Fedhas
Gozag
Hepliaklqana
Kikubaaqudgha
Makhleb
Nemelex Xobeh
Okawaru
Qazlal
Ru
Sif Muna
Trog
Uskayaw
Vehumet
Wu Jian
Xom
Yredelemnul

Shops:
D:5 ?   D:6 =   D:8 *:


Message History

Confirm with . or Enter, or press ? or * to list all spells.
Aiming: Sandblast (safe; 1% risk of failure)
Press: ? - help, Shift-Dir - straight line, f/p - ice beast
Aim: an ice beast (85% to hit)
The blast of sand hits the ice beast but does no damage.
The ice beast hits you but does no damage.
The ice beast hits you. The ice beast freezes you!
* * * LOW HITPOINT WARNING * * *
The white imp puffs mist at you.
Casting: Sandblast (safe; 1% risk of failure)
Confirm with . or Enter, or press ? or * to list all spells.
Aiming: Sandblast (safe; 1% risk of failure)
Press: ? - help, Shift-Dir - straight line, f/p - ice beast
Aim: an ice beast (85% to hit)
The blast of sand hits the ice beast!!
The ice beast is almost dead.
The white imp gestures at you. The puff of frost hits you!
* * * LOW HITPOINT WARNING * * *
The ice beast hits you but does no damage.
It was a potion of curing.
You feel better. The ice beast hits you.
* * * LOW HITPOINT WARNING * * *
The ice beast freezes you!
* * * LOW HITPOINT WARNING * * *
You feel better. The white imp closely misses you. The ice beast misses you.
Casting: Sandblast (safe; 1% risk of failure)
Confirm with . or Enter, or press ? or * to list all spells.
Aiming: Sandblast (safe; 1% risk of failure)
Press: ? - help, Shift-Dir - straight line, f/p - ice beast
Aim: an ice beast (almost dead, 85% to hit)
The blast of sand hits the ice beast but does no damage.
The ice beast is almost dead.
The white imp hits you.
* * * LOW HITPOINT WARNING * * *
The white imp freezes you.
* * * LOW HITPOINT WARNING * * *
The ice beast hits you.
* * * LOW HITPOINT WARNING * * *
The ice beast freezes you!
You die...

#############
#####§§○☼§☼.....####
#§§§§§§☼§○§.........
#§○§○§§§○...........
#○§○§§#########...).
##○@### ####..
#☼5Y○○§.○§ ###
#§z§○§§§!. #
###§§○§☼○☼ # ###○○○§
# #### ####


You could see an ice beast, a wight and a white imp.

Vanquished Creatures
  Erica (D:8)
  Pikel (D:6)
  Prince Ribbit (D:6)
  Sigmund (D:6)
  Eustachio (D:4)
  The ghost of goupaloupa the Chopper, an amateur DsFi (D:4)
  A steam dragon (D:8)
  2 water moccasins
  An orc warrior (D:8)
  An ice beast (D:6)
  2 sky beasts
  A black bear (D:4)
  2 ogres
  3 lemures (D:6)
  A phantom (D:4)
  2 kobold brigands
  2 bullfrogs
  3 scorpions
  7 killer bees
  3 howler monkeys
  A jelly (D:7)
  5 orc priests
  5 hounds
  2 sleepcaps (D:6)
  5 iguanas
  8 orc wizards
  2 killer bee zombies (D:8)
  3 gnolls (D:4)
  5 adders
  A shadow imp (D:3)
  An ufetubus (D:5)
  2 worms
  4 dart slugs
  22 orcs
  9 ball pythons
  3 bats
  6 endoplasms
  4 giant cockroaches
  6 goblins
  6 hobgoblins
  5 jackals (D:1)
  A quokka (D:2)
  2 frilled lizards
  21 kobolds
  9 rats
175 creatures vanquished.

Vanquished Creatures (others)
  An orc (D:8)
1 creature vanquished.

Grand Total: 176 creatures vanquished

Notes
Turn   | Place    | Note
-------+----------+-------------------------------------------
     0 | D:1      | Heoruswealwe the Deep Elf Earth Elementalist began the
                  | quest for the Orb.
     0 | D:1      | Reached XP level 1. HP: 10/10 MP: 6/6
   121 | D:1      | Found a faded altar of an unknown god.
   272 | D:1      | Reached XP level 2. HP: 15/15 MP: 5/8
   275 | D:1      | Learned a level 2 spell: Passwall
   955 | D:1      | Reached skill level 4 in Spellcasting
  1240 | D:2      | Reached XP level 3. HP: 19/19 MP: 8/10
  1244 | D:2      | Learned a level 3 spell: Stone Arrow
  1461 | D:2      | Found an opulent altar of Gozag.
  1536 | D:2      | Noticed a scorpion
  1543 | D:2      | Killed a scorpion
  1544 | D:2      | Reached skill level 5 in Spellcasting
  1544 | D:2      | Reached XP level 4. HP: 9/24 MP: 7/13
  2040 | D:1      | Found a faded altar of an unknown god.
  3066 | D:2      | Learned a level 4 spell: Petrify
  3501 | D:3      | Reached skill level 5 in Earth Magic
  3506 | D:3      | Reached XP level 5. HP: 28/28 MP: 10/14
  4200 | D:4      | Noticed a phantom
  4206 | D:4      | Killed a phantom
  4207 | D:4      | Reached skill level 6 in Spellcasting
  4208 | D:4      | Reached XP level 6. HP: 24/32 MP: 11/17
  4297 | D:4      | Found a staircase to the Ecumenical Temple.
  4306 | D:4      | Reached skill level 7 in Spellcasting
  4310 | D:4      | Reached XP level 7. HP: 17/36 MP: 8/19
  4359 | Temple   | Entered the Ecumenical Temple
  4593 | D:4      | Found a runed translucent gate.
  4595 | D:4      | Found a runed translucent gate.
  4614 | D:4      | Found a runed translucent gate.
  4616 | D:4      | Noticed goupaloupa's ghost (amateur DsFi)
  4656 | D:4      | Killed goupaloupa's ghost
  4657 | D:4      | Reached skill level 8 in Spellcasting
  4733 | D:4      | Noticed Eustachio
  4742 | D:4      | Killed Eustachio
  4921 | D:5      | Entered Level 5 of the Dungeon
  5024 | D:5      | Reached skill level 9 in Spellcasting
  5035 | D:5      | Reached XP level 8. HP: 35/41 MP: 19/23
  5238 | D:5      | Found Ikluud Fogo's Magic Scroll Boutique.
  5241 | D:5      | Bought a scroll of identify for 28 gold pieces
  5241 | D:5      | Bought a scroll of teleportation for 42 gold pieces
  5241 | D:5      | Bought a scroll of poison for 56 gold pieces
  5241 | D:5      | Bought a scroll of identify for 28 gold pieces
  5241 | D:5      | Bought a scroll of teleportation for 42 gold pieces
  5241 | D:5      | Bought a scroll of enchant armour for 105 gold pieces
  5494 | D:5      | Reached skill level 10 in Spellcasting
  6107 | D:6      | Noticed Sigmund
  6117 | D:6      | Killed Sigmund
  6140 | D:6      | Noticed Pikel
  6147 | D:6      | Killed Pikel
  6148 | D:6      | Reached skill level 11 in Spellcasting
  6148 | D:6      | Reached XP level 9. HP: 27/45 MP: 13/26
  6153 | D:6      | Found Liarpheh's Jewellery Boutique.
  6162 | D:6      | Reached skill level 10 in Earth Magic
  6214 | D:6      | Noticed Prince Ribbit
  6223 | D:6      | Killed Prince Ribbit
  6287 | D:6      | Reached skill level 12 in Spellcasting
  6527 | D:7      | Found a sparkling altar of Nemelex Xobeh.
  6588 | D:7      | Found a burning altar of Makhleb.
  6590 | D:7      | Found a shadowy altar of Dithmenos.
  6596 | D:7      | Found an ornate altar of the Wu Jian Council.
  6597 | D:7      | Found a shimmering altar of Xom.
  6597 | D:7      | Found an iron altar of Okawaru.
  6597 | D:7      | Found a radiant altar of Vehumet.
  6597 | D:7      | Found a stormy altar of Qazlal.
  6604 | D:7      | Became a worshipper of Vehumet
  6787 | D:7      | Found a broken altar of Ashenzari.
  7125 | D:6      | You fall into a shaft and drop 1 floor!
  7253 | D:8      | Found Wiokluah's General Store.
  7259 | D:8      | Reached skill level 13 in Spellcasting
  7260 | D:8      | Bought a potion of mutation for 80 gold pieces
  7338 | D:8      | Found a basalt altar of Yredelemnul.
  7384 | D:8      | Found Qiniac's Book Emporium.
  7549 | D:8      | Noticed Erica
  7562 | D:8      | Reached XP level 10. HP: 31/50 MP: 26/29
  7565 | D:8      | Killed Erica
  7649 | D:8      | HP: 2/50 [ice beast (11)]
  7651 | D:8      | Mangled by an ice beast

Illustrated notes

Levels and vault maps discovered:
D:1:      minmay_arrival_widening_spiral_narrow, layout_basic,
          nicolae_ecumenical_snake_handling, kennysheep_doodads
D:2:      wad_crossroads, layout_loops_corners, basic_altar, solitary_fountain
D:3:      layout_basic, minmay_misc_feat_iff, grunt_decor_junction
D:4:      layout_loops_cross, minmay_temple_entry_statues_fountains,
          gammafunk_ghost_nasty_kobolds, uniq_eustachio
D:5:      cheibrodos_helix_gallery, layout_basic, serial_shops,
          nicolae_shop_rolled_up
D:6:      layout_basic, serial_shops, nicolae_shop_getting_attention,
          uniq_prince_ribbit1, uniq_pikel, uniq_sigmund
D:7:      layout_loops_ring, grunt_temple_overflow_open, lemuel_doored_altar,
          ashenzari_altar_1
D:8:      kennysheep_spiral_hall, layout_rooms, lemuel_zombie_altar_yredelemnul,
          dpeg_lair_monsters, serial_shops, nicolae_shop_hallway_stairs, shop,
          uniq_erica
Temple:   hellmonk_temple_rainy

Skill      XL: |  1  2  3  4  5  6  7  8  9 |
---------------+----------------------------+-----
Spellcasting   | 4 5 6 7 9 11 13 | 13.7
Earth Magic    | 4 5 6 7 9 11 | 11.8
Dodging        | |  2.4
Stealth        | |  2.4
Transmutations | |  1.1

Action                     |  1- 3 |  4- 6 |  7- 9 | 10-12 || total
---------------------------+-------+-------+-------+-------++-------
  Melee: Falchion          |       |       |     8 |       ||     8
   Cast: Sandblast         |    42 |    66 |   153 |     4 ||   265
         Passwall          |     5 |     6 |     6 |       ||    17
         Stone Arrow       |       |       |     8 |     2 ||    10
    Use: Scroll            |       |     6 |     7 |     2 ||    15
         Potion            |       |       |     3 |     2 ||     5
 Armour: Robe              |     2 |     1 |    17 |       ||    20
         Steam dragon scal |       |       |       |     2 ||     2
  Dodge: Dodged            |    12 |     8 |    29 |     4 ||    53
